 Dungeon Crawl Stone Soup version 0.29.1-15-g9cfb28693d (webtiles) character file.

Game seed: 6880895536404866513

4091 Heoruswealwe the Thaumaturge (level 10, -2/50 HPs)
             Began as a Deep Elf Summoner on Feb 25, 2023.
             Was an Initiate of Gozag.
             Slain by a wyvern (15 damage)
             ... on level 8 of the Dungeon.
             The game lasted 02:19:02 (8675 turns).

Heoruswealwe the Thaumaturge (Deep Elf Summoner)    Turns: 8675, Time: 02:19:03

Health: -2/50      AC:  6    Str:  8 (11) XL:     10   Next: 5%
Magic:  30/30      EV: 12    Int: 32      God:    Gozag
Gold:   1355       SH:  0    Dex: 15      Spells: 11/38 levels left

rFire   . . .      SeeInvis +   f - +3 falchion
rCold   . . .      Faith    .   (no shield)
rNeg    . . .      Spirit   .   N - +0 robe
rPois   .          Reflect  .   F - +0 helmet
rElec   .          Harm     .   K - +0 cloak
rCorr   +          Rampage  .   s - +0 pair of gloves
Will    ++...                   C - +0 pair of boots
Stlth   +.........              (no amulet)
HPRegen 0.16/turn               g - ring "Nayv" {Will+ rCorr Str+6 Int+7 Stlth-}
MPRegen 0.22/turn               G - ring of see invisible

@: no status effects
A: no striking features
a: Renounce Religion, Potion Petition, Call Merchant, Bribe Branch


You were on level 8 of the Dungeon.
You worshipped Gozag.
Gozag was most pleased with you.
You visited 2 branches of the dungeon, and saw 9 of its levels.

You collected 1422 gold pieces.
You spent 67 gold pieces at shops.

Inventory:

Hand Weapons
 a - a +0 falchion
 e - a +0 hand axe
 f - a +3 falchion (weapon)
 h - a +0 dagger
 i - a +0 dagger
 k - a +0 arbalest
 q - a +1 vorpal falchion
 t - a +3 spear
 w - a +3 falchion
 H - a +0 dagger
Armour
 j - a +0 robe
 r - a +0 robe
 s - a +0 pair of gloves (worn)
 v - a +0 robe
 x - an orb of light
 y - a +0 robe
 C - a +0 pair of boots (worn)
 F - a +0 helmet (worn)
 I - a +0 robe
 K - a +0 cloak (worn)
 N - a +0 robe (worn)
Jewellery
 g - the ring "Nayv" (left hand) {Will+ rCorr Str+6 Int+7 Stlth-}
   (You acquired it on level 2 of the Dungeon)

   [ring of strength]

   Str:       It affects your strength (+6).
   Int:       It affects your intelligence (+7).
   rCorr:     It protects you from acid and corrosion.
   Will:      It increases your willpower.
   Stlth:     It makes you less stealthy.
 D - a +6 ring of intelligence
 G - a ring of see invisible (right hand)
Wands
 p - a wand of roots (12)
 B - a wand of paralysis (7)
 E - a wand of flame (17)
Scrolls
 c - 2 scrolls of poison
 d - 5 scrolls of immolation
 l - a scroll of identify
 m - a scroll of enchant weapon
 z - 2 scrolls of teleportation
 S - a scroll of summoning
 Z - 2 scrolls of fog
Potions
 b - a potion of magic
 n - 4 potions of curing
 o - 2 potions of ambrosia
 u - 3 potions of lignification
 A - a potion of haste
 M - 4 potions of heal wounds


   Skills:
 - Level 2.4 Dodging
 - Level 2.4 Stealth
 + Level 14.8 Spellcasting
 + Level 13.1 Summonings


You had 11 spell levels left.
You knew the following spells:

 Your Spells              Type           Power      Damage    Failure   Level
a - Summon Small Mammal   Summ           100%       N/A       0%          1
b - Call Canine Familiar  Summ           82%        N/A       1%          3
c - Summon Guardian Gole  Hex/Summ       60%        N/A       1%          3
d - Summon Ice Beast      Ice/Summ       60%        N/A       1%          4
e - Summon Lightning Spi  Summ/Air       60%        N/A       1%          4
f - Summon Mana Viper     Hex/Summ       60%        N/A       3%          5
g - Monstrous Menagerie   Summ           41%        N/A       8%          7

Your spell library contained the following spells:

 Spells                   Type           Power      Damage    Failure   Level
 Call Imp                 Summ           82%        N/A       0%          2
 Apportation              Tloc           46%        N/A       1%          1
 Foxfire                  Conj/Fire      92%        2x1d8     1%          1
 Necrotise                Necr           92%        1d8       1%          1
 Sandblast                Erth           46%        2d11      1%          1
 Sting                    Tmut/Pois      92%        1d7       1%          1
 Passwall                 Tmut/Erth      19%        N/A       2%          2
 Poisonous Vapours        Pois/Air       46%        N/A       2%          2
 Conjure Flame            Conj/Fire      23%        6-21      5%          3
 Inner Flame              Hex/Fire       23%        N/A       5%          3
 Stone Arrow              Conj/Erth      46%        3d9       5%          3
 Flame Wave               Conj/Fire      23%        2d8       19%         4
 Olgreb's Toxic Radiance  Pois           23%        N/A       19%         4
 Fireball                 Conj/Fire      11%        3d7       45%         5
 Iskenderun's Battlesphe  Conj           23%        2d8       45%         5
 Conjure Ball Lightning   Conj/Air       11%        3x3d6     96%         6
 Orb of Destruction       Conj           11%        9d6       100%        7
 Borgnjor's Revivificati  Necr           11%        N/A       100%        8
 Necromutation            Tmut/Necr      11%        N/A       100%        8
 Death's Door             Necr           11%        N/A       100%        9


Dungeon Overview and Level Annotations

Branches:
Dungeon (8/15)             Temple (1/1) D:4            Lair (0/5) D:8

Altars:
Cheibriados
Dithmenos
Elyvilon
Fedhas
Gozag
Hepliaklqana
Kikubaaqudgha
Makhleb
Nemelex Xobeh
Okawaru
Qazlal
Ru
Sif Muna
Trog
Uskayaw
Vehumet
Wu Jian
Xom
Yredelemnul
Zin
The Shining One

Shops:
D:4 (   D:8 (


Message History

The komodo dragon bites you!
* * * LOW HITPOINT WARNING * * *
Your ice beast hits the komodo dragon.
Your ice beast freezes the komodo dragon!
The komodo dragon dies!
You feel your intelligence returning.
Your Summonings skill increases to level 13!
You have reached level 10!
You swap places.
You now have 1335 gold pieces (gained 18).
You now have 1350 gold pieces (gained 15).
You swap places.
Found a pearl ring.
D - a +6 ring of intelligence
Okay, then.
You swap places.
You swap places.
Your ice beast disappears in a puff of smoke!
Found a Young Poisoner's Handbook.
You now have 1355 gold pieces (gained 5).
Things that are here:
a +0 dagger; a +0 robe
Things that are here:
a +0 dagger; a +0 robe
H - a +0 dagger;
I - a +0 robe
Casting: Summon Guardian Golem (safe; 1% risk of failure)
Confirm with . or Enter, or press ? or * to list all spells.
You pick up a Young Poisoner's Handbook and begin reading...
You add the spells Sting, Poisonous Vapours and Olgreb's Toxic Radiance to your library.
Found a staircase to the Lair.
Found a potion of heal wounds.
A wyvern comes into view.
You see here a potion of heal wounds.
The wyvern hisses angrily.
You see here a potion of heal wounds.
You hit the wyvern.
The wyvern is lightly wounded.
The wyvern bites you!
You die...
Your body crumbles into a pile of gold.

### # #.######
####
######..##..##..>#
#..........##...
.#.....#......## $
.............#.##
.....#...#....#.#+
..#.......####.h@#
#.#####..## ###l#
##.# ##..# ..#
#### #### ####


You could see a wyvern (ally target) and a friendly warg (summoned).

Vanquished Creatures
  A water moccasin (D:6)
  An ice beast (D:5)
  An ogre (D:6)
  A bullfrog (D:7)
  3 wights
  A jelly (D:6)
  An orc wizard (D:4)
  An adder (D:2)
  2 white imps
  A ball python (D:1)
  An endoplasm (D:1)
  A giant cockroach (D:2)
  2 goblins
  2 hobgoblins
  A kobold (D:4)
  A quokka (D:1)
  A bat (D:1)
22 creatures vanquished.

Vanquished Creatures (collateral kills)
  2 komodo dragons (D:8)
  2 wyverns
  A steam dragon (D:8)
  2 acid dragons (D:8)
  A water moccasin (D:8)
  An ice beast (D:7)
  4 centaurs
  An ogre (D:7)
  A phantom (D:6)
  3 bullfrogs
  A necrophage (D:6)
  A scorpion (D:6)
  A gnoll sergeant (D:6)
  4 wights
  3 killer bees (D:8)
  A howler monkey (D:5)
  A crimson imp (D:6)
  4 jellies
  A gnoll bouda (D:7)
  5 orc priests
  A hound (D:6)
  2 iguanas
  6 orc wizards
  Robin (D:4)
  12 gnolls
  7 adders
  A white imp (D:5)
  An ufetubus (D:7)
  A worm (D:3)
  5 dart slugs
  15 orcs
  6 ball pythons
  7 endoplasms
  8 hobgoblins
  A quokka (D:2)
  A bat (D:3)
  3 frilled lizards
  12 goblins
  6 kobolds
  3 rats
139 creatures vanquished.

Grand Total: 161 creatures vanquished

Notes
Turn   | Place    | Note
-------+----------+-------------------------------------------
     0 | D:1      | Heoruswealwe the Deep Elf Summoner began the quest for the
                  | Orb.
     0 | D:1      | Reached XP level 1. HP: 10/10 MP: 6/6
   310 | D:1      | Got the Commentary on Accomplices
   324 | D:1      | Reached XP level 2. HP: 15/15 MP: 8/8
   481 | D:1      | Found a faded altar of an unknown god.
   577 | D:1      | Prayed at the altar of an unknown god.
   577 | D:1      | Became a worshipper of Gozag Ym Sagoz the Greedy
   610 | D:1      | Reached skill level 4 in Spellcasting
  1073 | D:2      | Found a hide-covered altar of Uskayaw.
  1081 | D:2      | Reached skill level 5 in Summonings
  1081 | D:2      | Reached XP level 3. HP: 16/19 MP: 6/10
  1139 | D:2      | Learned a level 3 spell: Call Canine Familiar
  1713 | D:2      | Reached XP level 4. HP: 24/24 MP: 8/12
  1871 | D:2      | Identified a scroll of acquirement
  1871 | D:2      | Acquired the ring "Nayv" {Will+ rCorr Str+6 Int+7 Stlth-}
  2001 | D:2      | Reached skill level 11 in Spellcasting
  2001 | D:2      | Reached skill level 10 in Summonings
  2001 | D:2      | Reached XP level 5. HP: 28/28 MP: 13/21
  2053 | D:2      | Learned a level 3 spell: Summon Guardian Golem
  2058 | D:2      | Learned a level 4 spell: Summon Ice Beast
  2063 | D:2      | Learned a level 4 spell: Summon Lightning Spire
  2069 | D:2      | Learned a level 5 spell: Summon Mana Viper
  2477 | D:3      | Found a shadowy altar of Dithmenos.
  2915 | D:4      | Found an iron altar of Okawaru.
  2951 | D:4      | Noticed Robin
  2964 | D:4      | Killed Robin
  3304 | D:4      | Found a basalt altar of Yredelemnul.
  3304 | D:4      | Found a sacrificial altar of Ru.
  3352 | D:4      | Reached XP level 6. HP: 21/32 MP: 18/22
  3384 | D:4      | Found Mukapidgh's Weapon Shop.
  3537 | D:4      | Found a staircase to the Ecumenical Temple.
  3969 | Temple   | Entered the Ecumenical Temple
  4767 | D:5      | Entered Level 5 of the Dungeon
  4771 | D:5      | Noticed an ice beast
  4782 | D:5      | Killed an ice beast
  4783 | D:5      | Reached skill level 12 in Spellcasting
  4783 | D:5      | Reached XP level 7. HP: 36/36 MP: 17/24
  5317 | D:5      | Found an opulent altar of Gozag.
  5716 | D:5      | Learned a level 7 spell: Monstrous Menagerie
  5879 | D:6      | Reached XP level 8. HP: 39/41 MP: 26/26
  6132 | D:6      | Found a hazy altar of Hepliaklqana.
  6162 | D:6      | Reached skill level 13 in Spellcasting
  6369 | D:6      | Found a burning altar of Makhleb.
  6369 | D:6      | Found a shimmering altar of Xom.
  6830 | D:4      | You fall into a shaft and drop 2 floors!
  7012 | D:7      | Reached XP level 9. HP: 31/45 MP: 23/28
  8083 | D:8      | Reached skill level 14 in Spellcasting
  8165 | D:8      | Found Xapoj's Weapon Boutique.
  8248 | D:8      | Bought a +0 arbalest for 67 gold pieces
  8542 | D:8      | Noticed a komodo dragon
  8556 | D:8      | Killed a komodo dragon
  8605 | D:8      | Noticed a komodo dragon
  8617 | D:8      | Killed a komodo dragon
  8618 | D:8      | Reached XP level 10. HP: 4/50 MP: 20/30
  8665 | D:8      | Found a staircase to the Lair.
  8675 | D:8      | Slain by a wyvern

Illustrated notes

Levels and vault maps discovered:
D:1:      scummos_arrival_simple_crosswalls, layout_loops_ring,
          nicolae_ecumenical_snake_handling
D:2:      layout_basic, basic_altar
D:3:      layout_loops_ring, grunt_dithmenos_smoke
D:4:      layout_gridville, nicolae_overflow_two_pavilions, okawaru_gym_becter,
          temple_pool_b, serial_shops, shop, uniq_robin
D:5:      layout_cave_pools, nicolae_gozag_seed_capital
D:6:      layout_loops_cross, grunt_temple_overflow_champion_of_chaos,
          mainiacjoe_overflow_surrounded_room
D:7:      layout_cave_pools, hangedman_decor_opposing
D:8:      layout_basic, erik_lair_dragon, serial_shops, shop_statue,
          nicolae_lakefront_shop, kennysheep_big_empty_room
Temple:   nicolae_temple_bog_church

Skill      XL: |  1  2  3  4  5  6  7  8  9 |
---------------+----------------------------+-----
Spellcasting   | 4 11 12 13 14 | 14.8
Summonings     | 5 10 11 12 13 | 13.1
Dodging        | |  2.4
Stealth        | |  2.4

Action                   |  1- 3 |  4- 6 |  7- 9 | 10-12 || total
-------------------------+-------+-------+-------+-------++-------
Melee: Short sword       |    31 |       |       |       ||    31
       Whip              |     3 |     8 |    16 |       ||    27
       Falchion          |       |       |     5 |     1 ||     6
 Fire: Arbalest          |       |       |    10 |       ||    10
 Cast: Summon Small Mamm |    21 |       |       |       ||    21
       Call Canine Famil |     5 |    11 |    19 |     1 ||    36
       Summon Ice Beast  |       |     2 |    12 |       ||    14
       Summon Lightning  |       |     1 |     4 |       ||     5
       Summon Mana Viper |       |       |     2 |       ||     2
       Summon Guardian G |       |       |     1 |       ||     1
  Use: Scroll            |     4 |     8 |     2 |       ||    14
       Potion            |       |     4 |     5 |       ||     9
 Stab: Sleeping          |     1 |       |       |       ||     1
Armor: Robe              |     4 |     4 |     5 |       ||    13
Dodge: Dodged            |    27 |    11 |    18 |       ||    56
